 Dungeon Crawl Stone Soup version 0.19-a0-1320-g0178847 (webtiles) character file.

7 4thArraOfDagon the Chiller (level 1, -5/16 HPs)
             Began as a Troll Ice Elementalist on Aug 31, 2016.
             Slain by a gnoll
             ... wielding a +0 spear
              (11 damage)
             ... on level 4 of the Dungeon.
             The game lasted 00:00:26 (84 turns).

4thArraOfDagon the Chiller (Troll Ice Elementalist)   Turns: 84, Time: 00:00:27

Health: -5/16      AC:  5    Str: 15    XL:     1   Next: 83%
Magic:  1/1        EV: 10    Int: 11    God:
Gold:   15         SH:  0    Dex: 10    Spells: 1 memorised, 1 level left

rFire  . . .     SeeInvis .       - Unarmed
rCold  . . .     Gourm    +     a - +0 robe
rNeg   . . .     Faith    .     (no shield)
rPois  .         Spirit   .     (helmet restricted)
rElec  .         Dismiss  .     (no cloak)
rCorr  .         Reflect  .     (gloves unavailable)
MR     .....     Harm     .     (boots unavailable)
Stlth  +.........               (no amulet)
                                (no ring)
                                (no ring)

@: no status effects
A: unfitting armour, claws 3, fast metabolism 3, gourmand, regeneration 1,
shaggy fur 1, tough skin 2
a: no special abilities


You were on level 4 of the Dungeon.
You were not hungry.

You visited 1 branch of the dungeon, and saw 3 of its levels.

You collected 15 gold pieces.

Inventory:

Armour
 a - a +0 robe (worn)
Scrolls
 d - a scroll of recharging {unknown}
 e - a scroll of identify {unknown}
Books
 b - a book of Frost

   Spells                             Type                      Level
   a - Freeze                         Ice                          1
   b - Throw Frost                    Conjuration/Ice              2
   c - Ozocubu's Armour               Charms/Ice                   3
   d - Throw Icicle                   Conjuration/Ice              4
   e - Summon Ice Beast               Ice/Summoning                4
Comestibles
 c - 2 bread rations


   Skills:
 - Level 1.5 Dodging
 - Level 1.1 Stealth
 * Level 1.5 Unarmed Combat
 - Level 1.2 Spellcasting
   Level 0.6 Conjurations
 - Level 2.1 Ice Magic


You had one spell level left.
You knew the following spells:

 Your Spells              Type           Power        Failure   Level  Hunger
a - Freeze                Ice            #...         14%         1    ##.....


Dungeon Overview and Level Annotations

Branches:
Dungeon (2/15)

Altars:


Innate Abilities, Weirdness & Mutations

You are too large for most types of armour.
You have claws for hands.
Your metabolism is lightning-fast.
You like to eat raw meat.
Your natural rate of healing is unusually fast.
You are covered in fur. (AC +1)
You have very tough skin. (AC +2)


Message History

Found 15 stones.
e - a scroll labeled ZUS LIZUUK
There is a shaft here.
You fall through a shaft for 2 floors!
The shaft crumbles and collapses.
You hear the sound of rushing water.
There is an entrance to a sewer on this level.
Hurry and find it before the portal rusts away! 3 gnolls and a phantom come into view.
The gnoll shouts! x2
The gnoll throws a throwing net.
The throwing net hits you.
You become entangled in the net!
You see here a throwing net.
You struggle against the net.
You struggle against the net.
The gnoll hits you with a club.
You tear a large gash into the net.
The gnoll hits you with a club.
You rip the net and break free!
The gnoll closely misses you.
The phantom blinks!
The gnoll hits you from afar with a spear!
Ouch! That really hurt!
You die...

.. ##.. . ...
..#####.# ##
........######..#
..............#
.......gg@....#
.......g..ยง...#
..............#
..............#
####............
........W......
.................
........#####....
###.....# ...


You could see a phantom and 3 gnolls.

Vanquished Creatures
  2 bats (D:1)
  A goblin (D:1)
  2 hobgoblins (D:1)
  A rat (D:2)
6 creatures vanquished.

Notes
Turn   | Place    | Note
-------+----------+-------------------------------------------
     0 | D:1      | 4thArraOfDagon the Troll Ice Elementalist began the quest for the Orb.
     0 | D:1      | Reached XP level 1. HP: 16/16 MP: 1/1
    30 | D:1      | Reached skill level 1 in Unarmed Combat
    78 | D:2      | You fall through a shaft for 2 floors!
    78 | D:4      | Noticed a phantom
    84 | D:4      | Slain by a gnoll

Vault maps used:
D:1:      onia_arrival_mini_spirals
D:2:      uniq_robin
D:4:      lemuel_round_altar, nicolae_dithmenos_the_darkroom,
          portal_sewer_entry_e, minmay_misc_feat_rows

Skill      XL: |  1 |
---------------+----+-----
Unarmed Combat | 1 |  1.5
Dodging        | |  1.5
Stealth        | |  1.1
Spellcasting   | |  1.2
Conjurations   | |  0.6
Ice Magic      | |  2.1

Action                   || total
-------------------------++-------
Melee: Unarmed           ||    23
Armor: Robe              ||     9
Dodge: Dodged            ||    16
